 Dungeon Crawl Stone Soup version 0.29.1-12-g30fa7ad0bf (webtiles) character file.

Game seed: 380624350205654890

109 nachturnus the Slasher (level 5, -5/57 HPs)
             Began as a Human Gladiator on Jan 2, 2023.
             Succumbed to a scorpion's poison
             ... on level 3 of the Dungeon.
             The game lasted 00:06:47 (2884 turns).

nachturnus the Slasher (Human Gladiator)            Turns: 2884, Time: 00:06:47

Health: -5/57      AC: 22    Str: 16    XL:     5   Next: 13%
Magic:  5/5        EV:  2    Int:  9    God:
Gold:   89         SH:  0    Dex: 14    Spells: 4/4 levels left

rFire   + . .      SeeInvis .   a - +0 long sword
rCold   . . .      Faith    .   (no shield)
rNeg    . . .      Spirit   .   (body armour currently unavailable)
rPois   +          Reflect  .   (helmet currently unavailable)
rElec   .          Harm     .   (cloak currently unavailable)
rCorr   .          Rampage  .   (gloves currently unavailable)
Will    .....      NoTele   +   (boots currently unavailable)
Stlth   +.........              (no amulet)
HPRegen 0.19/turn               l - ring of protection from fire
MPRegen 0.09/turn               (no ring)

@: lethally poisoned (-5 -> -32), tree-form
A: stationary, stasis, torment immunity, boosted hp
a: no special abilities


You were on level 3 of the Dungeon.
You were a tree.
You visited 1 branch of the dungeon, and saw 3 of its levels.

You collected 89 gold pieces.

Inventory:

Hand Weapons
 a - a +0 long sword (weapon)
Missiles
 d - 3 throwing nets (quivered)
 e - a javelin
Armour
 b - a +0 leather armour
 c - a +0 helmet (melded)
 g - a +0 ring mail (melded)
Jewellery
 l - a ring of protection from fire (left branch)
Scrolls
 f - a scroll of blinking
 i - a scroll of teleportation
Potions
 h - a potion of flight


   Skills:
 - Level 2.1 Fighting
 + Level 5.2 Long Blades
 - Level 2.1 Throwing
 - Level 3.1 Dodging


You had 4 spell levels left.
You didn't know any spells.
Your spell library contained the following spells:

 Spells                   Type           Power      Damage    Failure   Level
 Ozocubu's Armour         Ice            0%         N/A       77%         3
 Metabolic Englaciation   Hex/Ice        0%         N/A       100%        5
 Summon Forest            Summ/Tloc      0%         N/A       100%        5
 Summon Mana Viper        Hex/Summ       0%         N/A       100%        5
 Simulacrum               Ice/Necr       0%         N/A       100%        6
 Summon Cactus Giant      Summ           0%         N/A       100%        6


Dungeon Overview and Level Annotations

Branches:
Dungeon (3/15)

Altars:


Message History

You closely miss the scorpion.
The scorpion is almost dead.
You feel sick.
The scorpion stings you but does no damage.
You barely miss the scorpion.
The scorpion is almost dead.
You feel sick. The scorpion stings you.
* * * LOW HITPOINT WARNING * * *
You are more poisoned.
The scorpion poisons you!
There is a lethal amount of poison in your body!
You feel much better.
You feel very sick. The scorpion stings you.
You are lethally poisoned!
The scorpion poisons you!
You hit the scorpion but do no damage.
The scorpion is severely wounded.
You feel extremely sick. The scorpion barely misses you.
The scorpion stings you.
* * * LOW HITPOINT WARNING * * *
You hit the scorpion but do no damage.
The scorpion is severely wounded.
* * * LOW HITPOINT WARNING * * *
You feel very sick.
The scorpion stings you but does no damage.
Really quaff the potion of lignification? [Y]es or [N]o only, please.
Really quaff the potion of lignification?
You turn into a tree.
Your +0 helmet melds into your body.
Your +0 ring mail melds into your body.
Your roots penetrate the ground.
* * * LOW HITPOINT WARNING * * *
You feel very sick. The scorpion stings you.
* * * LOW HITPOINT WARNING * * *
You are more poisoned.
The scorpion poisons you!
You hit the scorpion.
The scorpion is almost dead.
You die...

.# #####.# ..$...#
#...#.# ......
#...#.# # #s....#
#.#♣# # #.#.###.#
## ####+#
#.......# .# ..#.#
###.##### .# #.#.#
#.# .# #.#.## #.#
.####....#######.#
.#........#......#
.###..>.....######


You could see a scorpion.

Vanquished Creatures
  3 gnolls (D:2)
  3 adders
  3 worms (D:2)
  7 endoplasms
  8 goblins
  3 hobgoblins
  3 jackals (D:2)
  2 kobolds
  A quokka (D:2)
  3 ball pythons
  2 bats (D:2)
  3 frilled lizards
  3 rats
44 creatures vanquished.

Notes
Turn   | Place    | Note
-------+----------+-------------------------------------------
     0 | D:1      | nachturnus the Human Gladiator began the quest for the Orb.
     0 | D:1      | Reached XP level 1. HP: 16/16 MP: 1/1
   205 | D:1      | Reached XP level 2. HP: 14/22 MP: 2/2
   591 | D:1      | Found a faded altar of an unknown god.
  1051 | D:2      | Reached XP level 3. HP: 21/27 MP: 3/3
  1143 | D:2      | Reached skill level 4 in Long Blades
  1673 | D:2      | Reached XP level 4. HP: 32/33 MP: 4/4
  2208 | D:2      | Reached skill level 5 in Long Blades
  2567 | D:3      | Reached XP level 5. HP: 30/38 MP: 5/5
  2883 | D:3      | HP: 1/57 [scorpion (4)]
  2884 | D:3      | Succumbed to a scorpion's poison

Illustrated notes

Levels and vault maps discovered:
D:1:      psy_arrival_basics, layout_basic,
          shapermc_ecumenical_altar_hornbeckon, kennysheep_nondescript,
          glass_columns_b, chequers_serial_rivers_micro_d, minmay_misc_feat_x,
          serial_bayou_pond_b
D:2:      layout_basic
D:3:      layout_loops_corners, vehumet_statue, nrook_uturn

Skill      XL: |  1  2  3  4 |
---------------+-------------+-----
Long Blades    | 4 5 |  5.2
Fighting       | |  2.1
Throwing       | |  2.1
Dodging        | |  3.1

Action                   |  1- 3 |  4- 6 || total
-------------------------+-------+-------++-------
Melee: Long sword        |    93 |    67 ||   160
       Punch             |     1 |       ||     1
  Use: Scroll            |     5 |     2 ||     7
       Potion            |       |     2 ||     2
 Stab: Sleeping          |       |     1 ||     1
Armor: Leather armour    |    27 |    13 ||    40
       Ring mail         |       |     4 ||     4
Dodge: Dodged            |    57 |    38 ||    95
